 Dungeon Sprint DCSS version 0.26.1-11-gd32895ea62 (webtiles) character file.

Game seed: 8780733907705082673

35 Zeld the Firebug (level 3, 0/21 HPs)
             Began as an Octopode Fire Elementalist on June 7, 2021.
             Was an Initiate of Sif Muna.
             Slain by a +1 long sword of electrocution (12 damage)
             ... in the Dungeon (Sprint V: "Ziggurat Sprint").
             The game lasted 00:00:54 (123 turns).

Zeld the Firebug (Octopode Fire Elementalist)        Turns: 123, Time: 00:00:55

Health: 0/21       AC:  1    Str:  7    XL:     3   Next: 35%
Magic:  8/8        EV: 15    Int: 30    God:    Sif Muna [......]
Gold:   0          SH:  0    Dex: 12    Spells: 6/10 levels left

rFire    . . .     SeeInvis .   a - +5 broad axe
rCold    . . .     Faith    .   (no shield)
rNeg     . . .     Spirit   .   (helmet restricted)
rPois    .         Reflect  .   (no amulet)
rElec    .         Harm     .   t - +6 ring of intelligence
rCorr    .         Rampage  .   u - +6 ring of intelligence
Will     .....     NoTele   +   (no ring)
Stlth    +++.......             (no ring)
HPRegen  0.07/turn              (no ring)
MPRegen  0.11/turn              (no ring)
                                (no ring)
                                (no ring)

@: very slightly contaminated, invisible
A: almost no armour, stealthy swim, amphibious, 8 rings, constrict 8, camouflage
1, gelatinous body 1
a: Renounce Religion


You were in the Dungeon.
You worshipped Sif Muna.
Sif Muna was noncommittal.
You visited 1 branch

Inventory:

Hand Weapons
 a - a +5 broad axe (weapon)
Jewellery
 t - a +6 ring of intelligence (left tentacle)
 u - a +6 ring of intelligence (right tentacle)
Wands
 q - a wand of disintegration (7)
 r - a wand of iceblast (7)
 s - a wand of acid (4)
Scrolls
 g - 4 scrolls of blinking
 j - 4 scrolls of amnesia
 l - 7 scrolls of fog
 m - a scroll of holy word
 n - 5 scrolls of identify
 o - 5 scrolls of remove curse
 p - 2 scrolls of fear
Potions
 b - 10 potions of curing
 c - 10 potions of heal wounds
 d - 6 potions of haste
 e - 7 potions of magic
 f - 3 potions of berserk rage
 h - a potion of invisibility
 i - 4 potions of resistance
 k - 5 potions of might
 w - 2 potions of brilliance
Miscellaneous
 v - a lightning rod (4/4)
 x - a tin of tremorstones (2/2)


   Skills:
 + Level 4.4 Dodging
 - Level 2.6 Stealth
 + Level 4.1 Spellcasting
 - Level 1.0 Conjurations
 * Level 6.4 Fire Magic
 * Level 2.1 Invocations


You had 6 spell levels left.
You knew the following spells:

 Your Spells              Type           Power        Failure   Level
a - Foxfire               Conj/Fire      100%         1%          1
b - Conjure Flame         Conj/Fire      28%          4%          3

Your spell library contained the following spells:

 Spells                   Type           Power        Failure   Level
 Inner Flame              Hex/Fire       25%          4%          3
 Sticky Flame             Conj/Fire      28%          14%         4
 Fireball                 Conj/Fire      14%          36%         5


Dungeon Overview and Level Annotations

Branches:
Dungeon (1/1)

Altars:
Ashenzari
Cheibriados
Dithmenos
Elyvilon
Fedhas
Gozag
Hepliaklqana
Kikubaaqudgha
Makhleb
Nemelex Xobeh
Okawaru
Qazlal
Ru
Sif Muna
Trog
Uskayaw
Vehumet
Wu Jian
Xom
Yredelemnul
Zin
The Shining One
Beogh
Jiyva
Lugonu

Annotations:
D 1 transporter


Innate Abilities, Weirdness & Mutations

You cannot wear most types of armour.
You are very stealthy in the water. (Stealth+)
You are amphibious.
You can wear up to eight rings at the same time.
You can use your tentacles to constrict eight enemies at once.
Your skin changes colour to match your surroundings (Stealth+).
Your rubbery body absorbs attacks. (AC +1, EV +1)


Message History

Aim: a +1 long sword of electrocution (57% to evade)
The bolt of acid misses the +1 long sword of electrocution.
The +1 long sword of electrocution hits you!
Unknown command.
Unknown command.
Aiming: Corrosive Bolt
Press: ? - help, Shift-Dir - straight line, f/p - +1 long sword of electrocution
Aim: a +1 long sword of electrocution (57% to evade)
The bolt of acid misses the +1 long sword of electrocution.
The bolt of acid misses the deep elf mage.
The +1 long sword of electrocution hits you.
The +2 war axe of electrocution closely misses you.
Unknown command.
Aiming: Corrosive Bolt
Press: ? - help, Shift-Dir - straight line, f/p - +1 long sword of electrocution
Aim: a +1 long sword of electrocution (57% to evade)
The bolt of acid misses the +1 long sword of electrocution.
The +1 long sword of electrocution hits you!
Ouch! That really hurt!
You die...

▓▓▓▓▓▓▓▓▓▓▓▓▓
▓.8©8.▓.8©8.▓
▓.|)e.▓.....▓
▓.....▓.).†.▓
▓.....▓.....▓
▓.....▓.....▓
▓..((.▓..©..▓
▓..@..▓▓▓▓▓▓▓
▓▓▓▓▓▓▓


You could see a deep elf mage and 2 dancing weapons.

Vanquished Creatures
  An iguana (D)
  A jackal (D)
2 creatures vanquished.

Vanquished Creatures (others)
  2 foxfires (D)
2 creatures vanquished.

Grand Total: 4 creatures vanquished

Notes
Turn   | Place    | Note
-------+----------+-------------------------------------------
     0 | D        | Zeld the Octopode Fire Elementalist began the quest for the
                  | Orb.
     0 | D        | Reached XP level 1. HP: 11/11 MP: 3/3
     0 | D        | Found a shimmering blue altar of Sif Muna.
     0 | D        | Found a bloodstained altar of Trog.
     0 | D        | Found a sacrificial altar of Ru.
     0 | D        | Found a stormy altar of Qazlal.
     0 | D        | Found an iron altar of Okawaru.
     1 | D        | Found a sparkling altar of Nemelex Xobeh.
     1 | D        | Found a blossoming altar of Fedhas.
     2 | D        | Found the +6 Majin-Bo {vamp, MP+6 Int+6}
     2 | D        | Found the +9 heavy crossbow "Sniper" {vorpal, Acc+∞ SInv}
     2 | D        | Found the +10 dark maul {vorpal}
     2 | D        | Found the +15 Maxwell's patent armour {-Cast -Tele rElec
                  | Will+ rCorr}
     2 | D        | Found the +18 shield of the Gong {rElec rN+ Will+ EV-5}
     2 | D        | Found the cursed +14 obsidian axe {vorpal, +Fly SInv
                  | *Curse}
     2 | D        | Found the +7 great mace "Firestarter" {inner flame, rF++}
     2 | D        | Found the +6 shillelagh "Devastator" {shatter}
     2 | D        | Found the +11 plutonium sword {*Contam Stlth-}
     2 | D        | Found the +8 lance "Wyrmbane" {slay drac, rPois rF+ rC+
                  | AC+3}
     2 | D        | Found the +9 sword of Zonguldrok {reap}
     2 | D        | Found the cursed +13 scythe of Curses {drain, *Curse}
     2 | D        | Found the +5 sword of Power {vorpal}
     2 | D        | Found the +7 mace of Variability {chain chaos}
     2 | D        | Found the +7 Singing Sword {vorpal, sonic wave}
     2 | D        | Found the +8 storm bow {elec, penet}
     3 | D        | Reached skill level 6 in Fire Magic
     3 | D        | Reached XP level 2. HP: 17/17 MP: 3/6
     4 | D        | Found a transporter.
     4 | D        | Found an ancient bone altar of Kikubaaqudgha.
     4 | D        | Found a viscous altar of Jiyva.
     4 | D        | Found a corrupted altar of Lugonu.
     4 | D        | Found a hazy altar of Hepliaklqana.
     4 | D        | Found a burning altar of Makhleb.
     4 | D        | Found an opulent altar of Gozag.
    22 | D        | Became a worshipper of Sif Muna the Loreminder
    87 | D        | Entered arena 2.
    87 | D        | Found a transporter.
    92 | D        | Reached XP level 3. HP: 19/21 MP: 6/8
   102 | D        | Learned a level 3 spell: Conjure Flame
   119 | D        | Entered arena 3.
   119 | D        | Noticed a deep elf mage
   119 | D        | Noticed a +1 long sword of electrocution
   119 | D        | Noticed a +2 war axe of electrocution
   119 | D        | Found a transporter.
   123 | D        | Slain by a +1 long sword of electrocution

Illustrated notes

Levels and vault maps discovered:
D:        sprint_v [room_start, room_1, room_2, room_3, room_4, room_5, room_6,
          room_7, room_8, room_9, room_10, room_11, room_12, room_13, room_14,
          room_15, room_16, room_17, room_18, room_19, room_20, room_21,
          room_22, room_23, room_24, room_25, room_26, room_27]

Skill      XL: |  1  2 |
---------------+-------+-----
Dodging        | 4 |  4.4
Spellcasting   | 3 4 |  4.1
Fire Magic     | 6 |  6.4
Invocations    | 2 |  2.1
Stealth        | |  2.6
Conjurations   | |  1.0

Action                   || total
-------------------------++-------
Melee: Broad axe         ||     3
       Constrict         ||     1
       Tentacles         ||     1
 Cast: Foxfire           ||     1
Evoke: Wand              ||     3
  Use: Potion            ||     2
 Stab: Sleeping          ||     2
Dodge: Dodged            ||     7
